 Dungeon Crawl Stone Soup version 0.21-a0-621-gc60411f (webtiles) character file.

3729 Brutalitops the Envoy of Void (level 9, -4/71 HPs)
             Began as a Demonspawn Abyssal Knight on Dec 22, 2017.
             Was a High Priest of Lugonu.
             Slain by a two-headed ogre
             ... wielding a cursed -2 giant club
              (17 damage)
             ... on level 8 of the Dungeon on Dec 23, 2017.
             The game lasted 00:31:38 (7661 turns).

Brutalitops the Envoy of Void (DsAK)                Turns: 7661, Time: 00:31:40

Health: -4/71      AC: 13    Str: 12    XL:     9   Next: 92%
Magic:  15/15      EV:  8    Int: 14    God:    Lugonu [*****.]
Gold:   349        SH:  9    Dex: 16    Spells: 8/8 levels left

rFire    + . .     SeeInvis .   a - +2 short sword
rCold    . . .     Gourm    .   w - +0 shield
rNeg     . . .     Faith    .   b - +0 scale mail
rPois    .         Spirit   .   (no helmet)
rElec    .         Reflect  .   (no cloak)
rCorr    .         Harm     .   (no gloves)
MR       +....                  (no boots)
Stlth    ..........             (no amulet)
HPRegen  0.21/turn              (no ring)
MPRegen  0.14/turn              y - ring of protection from magic

@: sanguine armour
A: hooves 1, fire resistance 1, ignite blood, flame cloud immunity, sanguine
armour 1
a: Depart the Abyss, Bend Space, Banish, Corrupt, Enter the Abyss, Renounce
Religion


You were on level 8 of the Dungeon.
You worshipped Lugonu.
Lugonu was extremely pleased with you.
You were not hungry.

You visited 1 branch of the dungeon, and saw 8 of its levels.
You visited the Abyss 1 time.

You collected 349 gold pieces.

Inventory:

Hand Weapons
 a - a +2 short sword (weapon)
Armour
 b - a +0 scale mail (worn)
 w - a +0 shield (worn)
Jewellery
 h - an uncursed ring of magical power
 i - an uncursed amulet of the gourmand {unknown}
 k - a +2 ring of intelligence
 p - an uncursed amulet of faith {unknown}
 v - an uncursed ring of magical power
 y - a ring of protection from magic (right hand)
 A - an uncursed amulet of regeneration {unknown}
Wands
 B - a wand of polymorph (21)
Scrolls
 d - 4 scrolls of fear
 e - 2 scrolls of enchant weapon
 r - 3 scrolls of fog
 t - 3 scrolls of teleportation
 u - 3 scrolls of amnesia
 D - a scroll of remove curse
Potions
 g - 2 potions of brilliance
 j - 2 potions of haste {unknown}
 l - 5 potions of heal wounds
 m - a potion of curing
 n - 2 potions of degeneration {unknown}
 o - a potion of ambrosia {unknown}
 q - a potion of magic {unknown}
 s - a potion of mutation {unknown}
 C - 2 potions of flight {unknown}
Books
 f - a book of Air

   Spells                             Type                      Level
   a - Shock                          Conjuration/Air              1
   b - Swiftness                      Charms/Air                   2
   c - Static Discharge               Conjuration/Air              3
   d - Airstrike                      Air                          4
   e - Lightning Bolt                 Conjuration/Air              5
 x - a book of Maledictions

   Spells                             Type                      Level
   a - Corona                         Hexes                        1
   b - Ensorcelled Hibernation        Hexes/Ice                    2
   c - Confuse                        Hexes                        3
   d - Tukima's Dance                 Hexes                        3
   e - Dazzling Spray                 Conjuration/Hexes            3
Comestibles
 c - 20 rations
 z - 5 chunks of flesh


   Skills:
 + Level 6.5 Fighting
 + Level 7.4 Short Blades
 + Level 5.5 Armour
 + Level 3.7 Dodging
 + Level 0.9 Stealth
 + Level 3.4 Shields
 * Level 8.5 Invocations


You had 8 spell levels left.
You didn't know any spells.

Dungeon Overview and Level Annotations

Branches:
Dungeon (8/15)
 Temple: D:4-7         Lair: D:8-11

Altars:
Ashenzari
Fedhas
Gozag
Hepliaklqana
Kikubaaqudgha
Nemelex Xobeh
Okawaru
Qazlal
Ru

Shops:
D:4 }[}!

Annotations:
D:3 isock's ghost, amateur GnWn


Innate Abilities, Weirdness & Mutations

You have large cloven feet.
Your flesh is heat resistant. (rF+)
Your demonic aura causes spilled blood to erupt in flames.
You are immune to clouds of flame.
When seriously injured, your bleeding wounds create armour. (AC +6)


Message History

Things that are here:
a giant club x2
Eating one of 6 chunks of flesh.
You eat one of the 6 chunks of flesh.
This raw flesh tastes terrible.
A two-headed ogre comes into view.
It is wielding a giant club and a giant spiked club.
The two-headed ogre shouts in stereo!
You hit the two-headed ogre.
You kick the two-headed ogre, but do no damage.
The two-headed ogre is lightly wounded.
The two-headed ogre hits you with a giant club!!
Your blood congeals into armour.
You block the two-headed ogre's attack.
You hit the two-headed ogre. Your kick misses the two-headed ogre.
The two-headed ogre is lightly wounded.
You hit the two-headed ogre but do no damage.
You kick the two-headed ogre.
The two-headed ogre is lightly wounded.
The two-headed ogre hits you with a giant club!!
* * * LOW HITPOINT WARNING * * *
The two-headed ogre hits you with a giant spiked club!
You die...

##...##.....#
.........#.#
.##.#..#.#.#
............##
##.....#...##########
####................
##.#.............
#..#)##..§......
#...).#§@O......
#.....#.§.......
#...............
#.#....#..#.####
....#...##.#.#
##....#..# ...#
#.##..... ...# #..
##........# #.
###....#.#


You could see a two-headed ogre.

Vanquished Creatures
  A two-headed ogre (D:8)
  A hippogriff (D:7)
  A vampire (D:5)
  Edmund (D:6)
  Duvessa (D:4)
  A water moccasin (D:6)
  2 ice beasts
  A sky beast (D:5)
  5 ogres
  A black bear (D:6)
  2 centaurs (D:7)
  Blork the orc (D:4)
  2 bullfrogs
  A water moccasin skeleton (D:8)
  Dowan (D:4)
  3 vampire bats (D:5)
  2 howler monkeys (D:7)
  3 jellies
  5 hounds
  6 orc wizards
  An orc priest (D:4)
  Jessica (D:3)
  An iguana (D:4)
  4 worker ants
  A killer bee zombie (D:5)
  A hound skeleton (D:7)
  8 adders
  10 gnolls
  A howler monkey skeleton (D:4)
  12 oozes
  An adder zombie (D:8)
  An adder skeleton (D:6)
  2 worms
  4 leopard geckos
  17 orcs
  6 bats
  A bat skeleton (D:5)
  4 bat zombies (D:5)
  7 giant cockroaches
  10 goblins
  11 hobgoblins
  14 jackals
  15 kobolds
  4 quokkas
  2 ball pythons
  6 frilled lizards
  3 rats
189 creatures vanquished.

Vanquished Creatures (others)
  6 fungi (D:2)
  10 toadstools (D:2)
16 creatures vanquished.

Grand Total: 205 creatures vanquished

Notes
Turn   | Place    | Note
-------+----------+-------------------------------------------
     0 | Abyss:1  | Brutalitops the Demonspawn Abyssal Knight began the quest for the Orb.
     0 | Abyss:1  | Reached XP level 1. HP: 18/18 MP: 2/2
    19 | D:1      | Escaped the Abyss
    20 | D:1      | Upgraded the game from 0.21-a0-613-g5d64845 to 0.21-a0-615-g8e08f28
   259 | D:1      | Gained mutation: Your flesh is heat resistant. (rF+) [demonic ancestry]
   259 | D:1      | Reached XP level 2. HP: 20/24 MP: 3/3
   666 | D:1      | Reached ** piety under Lugonu
   987 | D:1      | Gained mutation: You are immune to clouds of flame. [demonic ancestry]
   987 | D:1      | Reached XP level 3. HP: 23/30 MP: 5/5
  1346 | D:2      | Reached skill level 1 in Dodging
  1508 | D:2      | Reached skill level 3 in Invocations
  1508 | D:2      | Reached XP level 4. HP: 37/37 MP: 6/6
  2374 | D:2      | Reached *** piety under Lugonu
  2374 | D:2      | Gained mutation: Your demonic aura causes spilled blood to erupt in flames. [demonic ancestry]
  2374 | D:2      | Reached XP level 5. HP: 9/42 MP: 7/7
  2969 | D:3      | Noticed isock's ghost (amateur GnWn)
  3358 | D:3      | Gained mutation: When seriously injured, your bleeding wounds create armour. (AC +6) [demonic ancestry]
  3358 | D:3      | Reached XP level 6. HP: 44/48 MP: 8/8
  3452 | D:3      | Found a sparkling altar of Nemelex Xobeh.
  3452 | D:3      | Noticed Jessica
  3461 | D:3      | Killed Jessica
  3661 | D:4      | Found Rowa's Gadget Emporium.
  3747 | D:4      | Reached skill level 4 in Invocations
  3933 | D:4      | Found Jurhuf's Distillery.
  3960 | D:4      | Noticed Dowan
  3978 | D:4      | Gained mutation: You have large cloven feet. [demonic ancestry]
  3978 | D:4      | Reached XP level 7. HP: 55/55 MP: 10/10
  3991 | D:4      | Killed Dowan
  3997 | D:4      | Noticed Duvessa
  4251 | D:4      | Killed Duvessa
  4251 | D:4      | Reached skill level 5 in Short Blades
  4366 | D:4      | Found a shattered altar of Ashenzari.
  4500 | D:4      | Reached skill level 5 in Invocations
  4612 | D:4      | Found Ysenyf's Antique Armour Shoppe.
  4779 | D:4      | Found Wuquc's Gadget Shoppe.
  4835 | D:4      | Noticed Blork the orc
  4846 | D:4      | Killed Blork the orc
  4846 | D:4      | Reached skill level 5 in Fighting
  4965 | D:5      | Entered Level 5 of the Dungeon
  4992 | D:5      | Reached **** piety under Lugonu
  4993 | D:5      | Found an ancient bone altar of Kikubaaqudgha.
  5001 | D:5      | Reached XP level 8. HP: 61/62 MP: 11/11
  5114 | D:5      | Reached skill level 6 in Invocations
  5182 | D:5      | Reached skill level 1 in Shields
  5788 | D:6      | Found a blossoming altar of Fedhas.
  5793 | D:6      | Found a sacrificial altar of Ru.
  6178 | D:6      | Reached skill level 7 in Invocations
  6254 | D:6      | Reached XP level 9. HP: 42/69 MP: 14/14
  6339 | D:6      | Noticed Edmund
  6352 | D:6      | Killed Edmund
  6396 | D:6      | Found a hazy altar of Hepliaklqana.
  6396 | D:6      | Found an iron altar of Okawaru.
  6402 | D:6      | Found an opulent altar of Gozag.
  6676 | D:7      | Reached ***** piety under Lugonu
  6703 | D:7      | Reached skill level 5 in Armour
  6935 | D:7      | Found a stormy altar of Qazlal.
  7294 | D:7      | Upgraded the game from 0.21-a0-615-g8e08f28 to 0.21-a0-621-gc60411f
  7566 | D:8      | Reached skill level 8 in Invocations
  7627 | D:8      | Noticed a two-headed ogre
  7638 | D:8      | Killed a two-headed ogre
  7653 | D:8      | Noticed a two-headed ogre
  7661 | D:8      | Slain by a two-headed ogre

Vault maps used:
D:1:      shiori_arrival_elements, hangedman_decor_push, minmay_domino_2
D:2:      cheibrodos_fertilizer
D:3:      hex_intersection, serial_bayou_pond_d, nemelex_lonely_heart_becter
D:4:      minmay_temple_entry_from_below_b, serial_shops, nicolae_shop_crystal,
          shop, kennysheep_mini_moat, shop, nicolae_ashenzari_panopticon,
          uniq_duvessa, uniq_blork_the_orc
D:5:      kennysheep_vampire_church, first_ration
D:6:      minitemple, nicolae_ru_great_annihilating_truth, uniq_edmund
D:7:      grunt_qazlal_clouds, grunt_ogre_cave, kennysheep_generic_room_7
D:8:      hex_medium

Skill      XL: |  1  2  3  4  5  6  7  8  9 |
---------------+----------------------------+-----
Short Blades   | 2 3 4 5 6 7 |  7.4
Armour         | 2 3 4 5 |  5.5
Dodging        | 1 2 3 |  3.7
Invocations    | 3 4 5 7 8 |  8.5
Fighting       | 4 5 6 |  6.5
Shields        | 1 3 |  3.4
Stealth        | |  0.9

Action                   |  1- 3 |  4- 6 |  7- 9 || total
-------------------------+-------+-------+-------++-------
Melee: Short sword       |   188 |   242 |   412 ||   842
       Kick              |       |       |   123 ||   123
  Use: Scroll            |     7 |     3 |     3 ||    13
       Potion            |       |     2 |       ||     2
 Stab: Paralysed         |       |       |     1 ||     1
  Eat: Chunk             |     1 |     2 |    13 ||    16
       Ration            |     1 |     1 |       ||     2
Armor: Scale mail        |    75 |    58 |    33 ||   166
       Leather armour    |     1 |       |       ||     1
       Skin              |       |     3 |       ||     3
       Ring mail         |       |    11 |    81 ||    92
Dodge: Dodged            |    89 |   106 |   121 ||   316
Block: Shield            |       |       |   128 ||   128

Table legend:
 A = Spawn XP
 B = Non-spawn XP
 C = Spawn XP percentage of total XP
 D = Spawn monster count
 E = Non-spawn monster count
 F = Spawn count percentage of total count
 G = Total turns spent on level
                    A         B        C        D         E        F      G
               +---------+---------+-------+---------+---------+-------+---------
         Total |       0 |    5328 |   0.0 |       0 |     189 |   0.0 |  7661
               +---------+---------+-------+---------+---------+-------+---------
           D:1 |       0 |      43 |   0.0 |       0 |      24 |   0.0 |  1063
           D:2 |       0 |     254 |   0.0 |       0 |      41 |   0.0 |  1915
           D:3 |       0 |     139 |   0.0 |       0 |      21 |   0.0 |   847
           D:4 |       0 |     951 |   0.0 |       0 |      23 |   0.0 |  1121
           D:5 |       0 |     909 |   0.0 |       0 |      24 |   0.0 |   823
           D:6 |       0 |     764 |   0.0 |       0 |      23 |   0.0 |   903
           D:7 |       0 |    1046 |   0.0 |       0 |      23 |   0.0 |   831
           D:8 |       0 |    1222 |   0.0 |       0 |      10 |   0.0 |   139
               +---------+---------+-------+---------+---------+-------+---------
